 Dungeon Crawl Stone Soup version 0.31-a0-303-gdc8c9485ea (webtiles) character file.

Game seed: 15237973948412756761

163265 holysushi the Acrobat (level 18, -1/124 HPs)
             Began as a Djinni Necromancer on July 16, 2023.
             Was a Believer of Yredelemnul.
             Slain by a caustic shrike simulacrum (49 damage)
             ... summoned by an orange crystal statue
             ... in an ice cave on July 17, 2023.
             The game lasted 01:35:16 (39145 turns).

holysushi the Acrobat (Djinni Necromancer)         Turns: 39145, Time: 01:35:17

Health: -1/124     AC: 17    Str:  7    XL:     18   Next: 46%
Gold:   677        EV: 30    Int: 18    God:    Yredelemnul [**....] SH:  0 Dex: 31

rFire   + + .        (no weapon)
rCold   . . .        t - +2 kite shield {rC+}
rNeg    . . .        j - +1 troll leather armour
rPois   ∞            K - +2 hat "Norghaoso" {Dex+4}
rElec   +            Q - +2 cloak
rCorr   .            X - +2 pair of gloves {Stlth+}
SInv    .            (boots unavailable)
Will    +....        N - amulet of Xipreloa {Reflect rElec SH+5}
Stlth   +++          s - +6 ring of dexterity
HPRegen 1.20/turn    M - +4 ring of protection
MPRegen 0.00/turn

%: reflection, infuse magic (-2 HP)
@: confused, forested, flying, slightly contaminated, slowed, constricted,
studying Conjurations, very slow
A: sickness immunity, fire resistance 2, cold vulnerability 1, float, innate
caster, HP casting, extra vitality 1, subdued magic 1
a: Renounce Religion, Recall Undead Harvest, Dark Bargain


You were in an ice cave.
You worshipped Yredelemnul.
Yredelemnul was noncommittal.
You visited 6 branches of the dungeon, and saw 29 of its levels.
You also visited: Sewer, Gauntlet and Ice Cave.

You collected 2882 gold pieces.
You spent 2205 gold pieces at shops.

Inventory:

Hand Weapons
 I - the +7 great mace "Firestarter" {flame, immolate, rFlCloud rF++}
   (You found it on level 12 of the Dungeon)

   rFlCloud:  It grants immunity to clouds of flame.
   rF:        It greatly protects you from fire.
 P - the +11 short sword of the Evening {freeze, Dex+2}
   (You found it on level 2 of the Lair of Beasts)

   Dex:       It affects your dexterity (+2).
Armour
 j - a +1 troll leather armour (worn)
 t - a +2 kite shield of cold resistance (worn)
 u - a +0 tower shield of cold resistance
 K - the +2 hat "Norghaoso" (worn) {Dex+4}
   (You acquired it on level 11 of the Dungeon)

   Dex:       It affects your dexterity (+4).
 Q - a +2 cloak (worn)
 R - a +2 helmet of see invisible
 S - a +2 robe of cold resistance
 X - a +2 pair of gloves of stealth (worn)
Magical Staves
 Z - the staff "Pendulum" {rC+ rN+ Int+2 Stlth+ Ice}
   (You took it off a centaur warrior on level 15 of the Dungeon)

   [staff of cold]

   Base accuracy: +5 Base damage: 5 Base attack delay: 1.2 This weapon's minimum
   attack delay (0.6) is reached at skill level 12.
   Int:       It affects your intelligence (+2).
   rC:        It protects you from cold.
   rN:        It protects you from negative energy.
   Ice:       It increases the power of your Ice spells.
   Stlth:     It makes you more stealthy.
   It falls into the 'Staves' category.
   It is a one-handed weapon.
Jewellery
 s - a +6 ring of dexterity (left hand)
 y - an amulet of the acrobat
 z - a ring of protection from fire
 M - a +4 ring of protection (right hand)
 N - the amulet of Xipreloa (around neck) {Reflect rElec SH+5}
   (You found it on level 1 of the Lair of Beasts)

   [amulet of reflection]

   It reflects blocked missile attacks.
   rElec:     It insulates you from electricity.
   SH:        It affects your SH (+5).
Talismans
 U - a granite talisman
Wands
 a - a wand of roots (28)
 c - a wand of mindburst (18)
 i - a wand of flame (10)
 k - a wand of digging (7)
 l - a wand of acid (16)
 p - a wand of charming (23)
Scrolls
 d - 4 scrolls of fog
 g - a scroll of enchant weapon
 h - 6 scrolls of teleportation
 q - a scroll of butterflies
 x - 3 scrolls of enchant armour
 G - 3 scrolls of vulnerability
 H - a scroll of poison
 L - 6 scrolls of fear
 O - 4 scrolls of immolation
 T - 2 scrolls of silence
Potions
 b - 7 potions of curing
 e - 2 potions of heal wounds
 f - 2 potions of berserk rage
 m - 6 potions of might
 n - a potion of ambrosia
 o - 3 potions of brilliance
 r - 2 potions of attraction
 v - 5 potions of lignification
 w - 5 potions of enlightenment
 B - a potion of cancellation
 D - a potion of invisibility
 J - 4 potions of mutation
 V - 3 potions of haste
Miscellaneous
 A - a box of beasts (inert)
 E - a phantom mirror
 W - a phial of floods
 Y - a lightning rod (4/4)


   Skills:
 - Level 10.0 Fighting
 + Level 22.6 Dodging
 - Level 10.0 Stealth
 * Level 3.5 Shields
 - Level 13.7 Spellcasting
 - Level 15.3 Conjurations
 - Level 13.7 Hexes
 - Level 13.7 Summonings
 - Level 13.7 Necromancy
 - Level 13.7 Translocations
 - Level 13.7 Transmutations
 - Level 13.7 Fire Magic
 - Level 13.7 Ice Magic
 - Level 13.7 Air Magic
 - Level 13.7 Earth Magic
 - Level 13.7 Poison Magic
 - Level 7.0 Invocations


You knew the following spells:

 Your Spells              Type           Power      Damage    Failure   Level
a - Poisonous Vapours     Pois/Air       94%        N/A       1%          2
b - Vampiric Draining     Necr           47%        2d9       1%          3
c - Summon Forest         Summ/Tloc      23%        N/A       4%          5
d - Airstrike             Air            23%        2d(4-20)  1%          4
e - Starburst             Conj/Fire      24%        6d8       17%         6
f - Animate Dead          Necr           47%        N/A       1%          4
g - Searing Ray           Conj           100%       2d8       1%          2
h - Necrotise             Necr           100%       1d9       1%          1
i - Agony                 Necr           47%        N/A       4%          5
j - Sting                 Tmut/Pois      100%       1d8       1%          1
k - Death Channel         Necr           23%        N/A       24%         6
l - Petrify               Tmut/Erth      47%        N/A       1%          4
Your spell library was empty.

Dungeon Overview and Level Annotations

Branches:
Dungeon (15/15) Zot: 24821  Temple (1/1) D:6 Zot: 5979    Lair (5/5) D:10 Zot: 19927
  Swamp (2/4) Lair:2 Zot: 10947   Snake (4/4) Lair:3 Zot: 20149   Slime (0/5) Lair:5
    Orc (2/2) D:11 Zot: 9642     Elf (0/3) Orc:2        Vaults (0/5) D:14
 Depths (0/4) D:15          Sewer (visited)           IceCv (1/1) Zot: 5847
Gauntlet (visited)

Altars:
Ashenzari
Cheibriados
Dithmenos
Elyvilon
Fedhas
Gozag
Hepliaklqana
Makhleb
Nemelex Xobeh
Okawaru
Qazlal
Ru
Trog
Uskayaw
Wu Jian
Xom
Yredelemnul
Zin
The Shining One
Jiyva
Lugonu

Shops:
D:1 :(   D:2 [   D:5 (   D:9 (   D:11 ?:*:(   Orc:2 [=**((   Snake:1 =(?=

Portals:
Abyss: Lair:5

Annotations:
D:3 3 runed translucent doors, Grinder; Pokonic1's ghost, amateur GrMo
D:10 exclusion: door, Fannar
D:13 3 runed translucent doors, Etrocim's ghost, journeyman KoDe
Lair:5 2 transporters, MrSquiggles's ghost, journeyman TrSh
Snake:1 1 runed translucent door
Snake:4 1 exclusion IceCv 1 transporter, exclusion: orange crystal statue


Innate Abilities, Weirdness & Mutations

You are immune to sickness and miasma.
You are immune to poison.
Your flesh is very heat resistant. (rF++)
You are vulnerable to cold. (rC-)
You float through the air rather than walking.
You learn spells naturally, not from books.
Your magical power is your life essence.
You have superior vitality. (+4 MHP)
Your spells are a little easier to cast, but a little less powerful.


Message History

You feel much better.
You block the caustic shrike simulacrum's attack.
You block the anaconda simulacrum's attack.
The anaconda simulacrum constricts you.
You block the caustic shrike simulacrum's attack.
Your very ugly thing zombie hits the freezing wraith!
The freezing wraith completely misses you.
The freezing wraith hits you. The freezing wraith drains your vigour!
You feel yourself slow down. The freezing wraith closely misses you.
You block the freezing wraith's attack.
Casting: Starburst (dangerous; 17% risk of failure)
Confirm with . or Enter, or press ? or * to list all spells.
Okay, then.
Casting: Starburst (dangerous; 17% risk of failure)
Confirm with . or Enter, or press ? or * to list all spells.
Casting: Starburst (dangerous; 17% risk of failure)
Press: ? - help, Dir - look around, f - activate You miscast Starburst.
You are lightly contaminated with residual magic.
Nothing appears to happen.
The anaconda simulacrum closely misses you.
The anaconda simulacrum constricts you.
You block the caustic shrike simulacrum's attack.
The anaconda simulacrum bites you but does no damage.
The anaconda simulacrum constricts you.
You block the caustic shrike simulacrum's attack.
The freezing wraith completely misses you.
You block the freezing wraith's attack.
The freezing wraith completely misses you.
The freezing wraith hits you. The freezing wraith drains your vigour!
You feel as though you will be slow longer.
The orange crystal statue glitters.
You are confused.
Your very ugly thing zombie resists with some effort.
The anaconda simulacrum misses you. The anaconda simulacrum constricts you.
Your very ugly thing zombie hits the freezing wraith but does no damage.
The caustic shrike simulacrum claws you!
The caustic shrike simulacrum freezes you!!!
You die...
Your body rises from the dead as a mindless zombie.

##### ##♣#
####...### ##.©♣
##........##♣#8..♣
##..........♣♣8...♣
##...........♣8.@W.♣
#.......8....#.ZZW$#
#.........).8#.♣.Z)♣
#∩∩........©©#©..)8#
#...........8♣...!$#
#.......8....#..../♣
##...........#8....#
##........♣.##8...#
##........##♣#8..#


You could see an orange crystal statue (distracted), 2 freezing wraiths, an
anaconda simulacrum (summoned), a caustic shrike simulacrum (summoned) and a
friendly very ugly thing zombie (slow).

Vanquished Creatures
  Roxanne (D:15)
  A ghoul (Swamp:1)
  An orc warlord (Orc:2)
  2 very ugly things (IceCv)
  An eleionoma (Lair:2)
  A minotaur (Gauntlet)
  A fire dragon (D:15)
  A salamander tyrant (Snake:2)
  2 ghost crabs (Swamp:1)
  Harold (D:9)
  A caustic shrike simulacrum (IceCv)
  4 hydras
  4 boulder beetles
  6 centaur warriors
  2 ogre magi (D:15)
  10 two-headed ogres
  6 anacondas
  An alligator (Lair:2)
  A catoblepas (Lair:1)
  2 orc high priests (Orc:2)
  4 naga warriors
  A thrashing horror (Lair:5)
  A shock serpent (Snake:2)
  11 naga sharpshooters
  3 skysharks
  A fire crab (Gauntlet)
  A goliath frog (Lair:2)
  Lodul (D:10)
  A fire crab (shapeshifter) (D:15)
  A death drake (Swamp:1)
  2 spriggan druids
  4 naga ritualists
  5 bog bodies
  A lindwurm (shapeshifter) (Lair:5)
  7 mana vipers
  3 deep elf pyromancers
  2 orc knights
  2 orc sorcerers (Orc:2)
  4 cyclopes
  9 ugly things
  9 salamanders
  4 manticores
  A cyclops (shapeshifter) (D:15)
  2 ice statues (Snake:4)
  17 black mambas
  8 elephants
  Maurice (D:9)
  A torpor snail (Lair:2)
  10 cane toads
  A smoke demon (Lair:5)
  A gargoyle (D:12)
  8 naga magi
  An unseen horror (D:12)
  2 rime drakes
  A freezing wraith (IceCv)
  6 komodo dragons
  3 yaktaurs (D:15)
  2 kobold demonologists (D:13)
  2 tengu conjurers
  4 anaconda simulacra (IceCv)
  A meliai (D:15)
  A tarantella (shapeshifter) (D:13)
  A polar bear (shapeshifter) (D:13)
  5 trolls
  3 polar bears (Lair:5)
  2 tyrant leeches (Lair:2)
  A hornet (D:9)
  12 dream sheep
  5 blink frogs
  A centaur simulacrum (D:14)
  5 slime creatures
  8 wyverns
  21 yaks
  A spriggan (Lair:5)
  3 fire bats (Gauntlet)
  A ynoxinul (Lair:5)
  2 shadows
  7 humans (D:14)
  A large abomination (Lair:5)
  4 wraiths
  4 basilisks
  2 steam dragons
  3 vampire mosquitoes
  A spectral fire bat (Gauntlet)
  A chaos spawn (Lair:5)
  Menkaure (D:5)
  A harpy simulacrum (IceCv)
  A warg (Orc:1)
  3 swamp worms
  19 nagas
  3 hell hounds (Gauntlet)
  7 water moccasins
  A black bear (shapeshifter) (D:15)
  24 orc warriors
  A black bear (D:5)
  3 ice beasts
  2 sky beasts (D:8)
  12 wolves
  4 small abominations (Lair:5)
  12 ogres
  4 centaurs
  A phantom (D:7)
  5 bullfrogs
  3 scorpions
  2 gnoll sergeants
  2 lindwurm simulacra (IceCv)
  7 killer bees
  4 howler monkeys
  An electric eel (Lair:2)
  14 orc priests
  5 hounds
  A jelly (D:6)
  A gnoll bouda (D:5)
  2 sleepcaps
  13 orc wizards
  Ijyb (D:4)
  10 iguanas
  A statue (D:7)
  17 gnolls
  9 adders
  2 worms (D:4)
  2 dart slugs
  48 orcs
  7 ball pythons
  7 endoplasms
  4 giant cockroaches (D:1)
  8 goblins
  5 hobgoblins
  11 jackals
  9 quokkas
  6 bats
  3 frilled lizards
  15 kobolds
  4 rats
621 creatures vanquished.

Vanquished Creatures (collateral kills)
  Vashnia (Snake:2)
  A dire elephant (Gauntlet)
  An ogre mage (D:15)
  A centaur warrior (D:12)
  A hydra (Lair:4)
  3 anacondas
  An ice dragon (D:15)
  3 naga warriors
  6 two-headed ogres
  2 naga sharpshooters
  6 orc high priests (Orc:2)
  2 thrashing horrors (Lair:5)
  A shock serpent (Snake:1)
  A deep elf knight (D:12)
  2 naga ritualists (Snake:1)
  2 deep elf archers (D:12)
  An orc knight (D:14)
  3 mana vipers
  A deep elf pyromancer (D:14)
  3 ugly things
  An orc sorcerer (Orc:2)
  A large abomination (Lair:5)
  8 elephants
  A salamander (Snake:4)
  8 black mambas
  A torpor snail (shapeshifter) (D:15)
  A torpor snail (Lair:5)
  5 naga magi
  2 cane toads
  A yaktaur (D:15)
  A freezing wraith (IceCv)
  A rime drake (Lair:1)
  5 komodo dragons
  A troll (D:11)
  3 polar bears
  A queen bee (shapeshifter) (Lair:5)
  A raiju (Lair:5)
  5 blink frogs (Lair:5)
  5 dream sheep
  3 slime creatures
  2 wyverns
  24 yaks
  A vampire (D:10)
  A fire bat (Gauntlet)
  2 basilisks
  A wraith (D:11)
  A chaos spawn (Lair:5)
  9 humans (D:14)
  2 wargs (Orc:2)
  6 nagas
  2 water moccasins
  12 orc warriors
  6 small abominations (Lair:5)
  3 wolves
  4 ogres
  6 centaurs
  A kobold brigand (D:10)
  6 bullfrogs
  A gnoll sergeant (D:9)
  A killer bee (D:9)
  A howler monkey (D:12)
  4 orc priests
  2 iguanas (Lair:1)
  4 orc wizards
  6 gnolls
  An adder (D:4)
  12 orcs
  2 endoplasms
  2 kobolds
  A ball python (D:2)
  2 frilled lizards
225 creatures vanquished.

Vanquished Creatures (others)
  A ghoul (Swamp:1)
  A spectral guardian serpent (Snake:2)
  4 anaconda zombies
  An ugly thing zombie (D:14)
  A black mamba (Snake:3)
  A shock serpent zombie (Snake:2)
  An unseen horror zombie (D:12)
  3 mana viper zombies (Snake:3)
  A death drake zombie (Swamp:1)
  A bloated husk (Swamp:1)
  A boulder beetle zombie (D:15)
  A spectral cane toad (Lair:2)
  7 black mamba zombies
  A spectral fire crab (Gauntlet)
  3 two-headed ogre zombies
  2 cane toad zombies
  A spectral ynoxinul (Lair:5)
  A swamp drake (Swamp:1)
  4 elephant zombies
  5 dream sheep zombies
  2 elf zombies
  3 blink frog zombies (Lair:5)
  2 manticore zombies
  2 rime drake zombies
  2 torpor snail zombies
  A vampire mosquito zombie (D:12)
  2 spectral chaos spawn (Lair:5)
  A yaktaur zombie (D:15)
  A salamander zombie (Snake:2)
  A water moccasin zombie (D:10)
  A troll zombie (Orc:2)
  A queen bee zombie (Lair:5)
  2 tengu zombies
  3 yak zombies
  A polar bear zombie (Lair:5)
  3 wolf zombies
  2 bullfrog zombies (Lair:1)
  6 centaur zombies
  A human zombie (D:14)
  2 black bear zombies
  3 basilisk zombies
  2 killer bee zombies
  5 ogre zombies
  An ice beast zombie (D:6)
  8 naga zombies
  A hound zombie (D:6)
  A howler monkey zombie (D:8)
  A steam dragon zombie (Lair:3)
  2 iguana zombies
  A bat zombie (D:3)
  8 gnoll zombies
  A goblin zombie (D:11)
  6 kobold zombies
  38 orc zombies
  A quokka zombie (D:5)
  4 snaplasher vines
163 creatures vanquished.

Grand Total: 1009 creatures vanquished

Notes
Turn   | Place    | Note
-------+----------+-------------------------------------------
     0 | D:1      | holysushi the Djinni Necromancer began the quest for the
                  | Orb.
     0 | D:1      | holysushi set off with the following spells memorised:
                  | Necrotise, Vampiric Draining, Animate Dead, Agony.
     0 | D:1      | Reached XP level 1. HP: 15/15 MP: 0/0
    61 | D:1      | Reached XP level 2. HP: 21/22 MP: 0/0
    85 | D:1      | Found Muasot's Weapon Shop.
   373 | D:1      | Reached XP level 3. HP: 25/26 MP: 0/0
   373 | D:1      | Learned a level 1 spell: Sting
   409 | D:1      | Reached skill level 1 in Fighting
   409 | D:1      | Reached skill level 3 in Dodging
   589 | D:1      | Found Cuzoveok's Vocational Training.
   972 | D:2      | Found Gawewefa's Antique Armour Boutique.
  1010 | D:2      | Reached XP level 4. HP: 30/32 MP: 0/0
  1694 | D:3      | Noticed Pokonic1's ghost (amateur GrMo)
  1759 | D:3      | Noticed Grinder
  1772 | D:3      | Paralysed by Grinder for 2 turns
  1922 | D:3      | Reached skill level 4 in Dodging
  1926 | D:3      | Reached XP level 5. HP: 35/38 MP: 0/0
  1926 | D:3      | Learned a level 2 spell: Poisonous Vapours
  2107 | D:3      | Found a sparkling altar of Nemelex Xobeh.
  2107 | D:3      | Found a faded altar of an unknown god.
  2115 | D:3      | Found a faded altar of an unknown god.
  2117 | D:3      | Found a bloodstained altar of Trog.
  2119 | D:3      | Found a basalt altar of Yredelemnul.
  2145 | D:3      | Became a worshipper of Yredelemnul the Dark
  2593 | D:3      | Found a runed translucent gate.
  2593 | D:3      | Found a runed translucent gate.
  2593 | D:3      | Found a runed translucent gate.
  2615 | D:3      | You are sucked into a shaft and drop 1 floor!
  2687 | D:4      | Noticed an ogre
  2694 | D:4      | Killed an ogre
  2695 | D:4      | Reached skill level 5 in Dodging
  2695 | D:4      | Reached XP level 6. HP: 42/43 MP: 0/0
  2712 | D:4      | Reached * piety under Yredelemnul
  3109 | D:4      | Found a glowing drain.
  3115 | Sewer    | Entered a sewer
  3466 | D:4      | Noticed an ogre
  3496 | D:4      | Killed an ogre
  3497 | D:4      | Reached skill level 5 in Spellcasting
  3497 | D:4      | Reached skill level 5 in Conjurations
  3497 | D:4      | Reached skill level 5 in Hexes
  3497 | D:4      | Reached skill level 5 in Summonings
  3497 | D:4      | Reached skill level 5 in Necromancy
  3497 | D:4      | Reached skill level 5 in Translocations
  3497 | D:4      | Reached skill level 5 in Transmutations
  3497 | D:4      | Reached skill level 5 in Fire Magic
  3497 | D:4      | Reached skill level 5 in Ice Magic
  3497 | D:4      | Reached skill level 5 in Air Magic
  3497 | D:4      | Reached skill level 5 in Earth Magic
  3497 | D:4      | Reached skill level 5 in Poison Magic
  3497 | D:4      | Reached XP level 7. HP: 25/49 MP: 0/0
  3497 | D:4      | Learned a level 2 spell: Searing Ray
  4418 | D:5      | Entered Level 5 of the Dungeon
  4447 | D:5      | Noticed Menkaure
  4454 | D:5      | Killed Menkaure
  4455 | D:5      | Reached XP level 8. HP: 42/54 MP: 0/0
  4582 | D:5      | Noticed Ijyb
  4768 | D:4      | Killed Ijyb
  5052 | D:5      | Identified the orb "Munink" {*Rage, +Blink}
  5110 | D:5      | Reached skill level 6 in Dodging
  5240 | D:5      | Found Sigiabost's Weapon Shop.
  5633 | D:6      | Reached skill level 7 in Dodging
  5633 | D:6      | Reached XP level 9. HP: 46/58 MP: 0/0
  5633 | D:6      | Learned a level 4 spell: Petrify
  5829 | D:6      | Found a staircase to the Ecumenical Temple.
  6438 | Temple   | Entered the Ecumenical Temple
  6652 | D:6      | Reached skill level 8 in Dodging
  6992 | D:6      | Found a staircase to the Ecumenical Temple.
  8196 | D:8      | Noticed a red ugly thing
  8209 | D:8      | Killed a red ugly thing
  8210 | D:8      | Reached skill level 9 in Dodging
  8271 | D:7      | Reached XP level 10. HP: 58/64 MP: 0/0
  8320 | D:7      | Found a sacrificial altar of Ru.
  8492 | D:7      | Reached skill level 10 in Dodging
  9313 | D:9      | Noticed Harold
  9326 | D:9      | Killed Harold
  9485 | D:9      | Reached skill level 5 in Fighting
  9652 | D:9      | Reached ** piety under Yredelemnul
  9683 | D:9      | Found Gusoeno's Weapon Emporium.
  9702 | D:9      | Noticed Maurice
  9721 | D:9      | Killed Maurice
  9721 | D:9      | Reached *** piety under Yredelemnul
 10122 | D:10     | Entered Level 10 of the Dungeon
 10150 | D:10     | Reached skill level 11 in Dodging
 10399 | D:10     | Reached XP level 11. HP: 70/75 MP: 0/0
 10399 | D:10     | Learned a level 4 spell: Airstrike
 10447 | D:10     | Noticed Lodul
 11505 | D:10     | Killed Lodul
 11697 | D:10     | Found a snail-covered altar of Cheibriados.
 11745 | D:10     | Found a broken altar of Ashenzari.
 11856 | D:10     | Reached skill level 12 in Dodging
 11861 | D:10     | Found a staircase to the Lair.
 12176 | D:10     | Noticed Fannar
 12541 | D:10     | Noticed a two-headed ogre
 12545 | D:10     | Killed a two-headed ogre
 12843 | D:11     | Found Lom Owk's General Store.
 12843 | D:11     | Found Guock's Book Emporium.
 13300 | D:11     | Noticed a manticore
 13304 | D:11     | Killed a manticore
 13325 | D:11     | Reached skill level 13 in Dodging
 13653 | D:11     | Found a staircase to the Orcish Mines.
 13729 | D:11     | Found Yreaq's Magic Scroll Emporium.
 13740 | D:11     | Bought a scroll of blinking for 120 gold pieces
 13801 | D:11     | Noticed a boulder beetle
 13820 | D:11     | Killed a boulder beetle
 13821 | D:11     | Reached skill level 10 in Spellcasting
 13821 | D:11     | Reached skill level 10 in Conjurations
 13821 | D:11     | Reached skill level 10 in Hexes
 13821 | D:11     | Reached skill level 10 in Summonings
 13821 | D:11     | Reached skill level 10 in Necromancy
 13821 | D:11     | Reached skill level 10 in Translocations
 13821 | D:11     | Reached skill level 10 in Transmutations
 13821 | D:11     | Reached skill level 10 in Fire Magic
 13821 | D:11     | Reached skill level 10 in Ice Magic
 13821 | D:11     | Reached skill level 10 in Air Magic
 13821 | D:11     | Reached skill level 10 in Earth Magic
 13821 | D:11     | Reached skill level 10 in Poison Magic
 14019 | D:11     | Found Ysam's Weapon Boutique.
 14027 | D:11     | Found Rues's Book Shop.
 14220 | D:11     | Noticed a boulder beetle
 14228 | D:11     | Killed a boulder beetle
 14229 | D:11     | Reached XP level 12. HP: 60/81 MP: 0/0
 14773 | D:11     | Reached skill level 14 in Dodging
 14853 | Orc:1    | Entered Level 1 of the Orcish Mines
 15056 | Orc:2    | Entered Level 2 of the Orcish Mines
 15067 | Orc:2    | Noticed a sun demon
 15245 | Lair:1   | Entered Level 1 of the Lair of Beasts
 15581 | Lair:1   | Reached skill level 15 in Dodging
 15771 | Lair:1   | Noticed a catoblepas
 15781 | Lair:1   | Killed a catoblepas
 16222 | Lair:1   | Noticed a skyshark
 16226 | Lair:1   | Killed a skyshark
 16226 | Lair:1   | Reached **** piety under Yredelemnul
 16365 | Lair:1   | Reached ***** piety under Yredelemnul
 16452 | Lair:1   | Reached ****** piety under Yredelemnul
 16642 | Lair:1   | Reached skill level 1 in Invocations
 16810 | Lair:1   | Reached XP level 13. HP: 71/85 MP: 0/0
 16810 | Lair:1   | Learned a level 5 spell: Summon Forest
 16900 | Lair:1   | Noticed a seven-headed hydra
 16907 | Lair:1   | Killed a seven-headed hydra
 16911 | Lair:1   | Reached skill level 5 in Invocations
 17581 | Lair:1   | Identified the amulet of Xipreloa {Reflect rElec SH+5}
 18019 | Lair:2   | Identified the +11 short sword of the Evening {freeze,
                  | Dex+2}
 18746 | Lair:2   | Found a staircase to the Swamp.
 19180 | Lair:3   | Found a staircase to the Snake Pit.
 19256 | Lair:3   | Reached skill level 16 in Dodging
 19465 | Lair:3   | Reached XP level 14. HP: 97/97 MP: 0/0
 20950 | Lair:5   | Entered Level 5 of the Lair of Beasts
 21069 | Lair:5   | Noticed MrSquiggles's ghost (journeyman TrSh)
 21466 | Lair:5   | Found a viscous altar of Jiyva.
 21466 | Lair:5   | Found a staircase to the Slime Pits.
 21652 | Lair:5   | Found a transporter.
 22049 | Lair:5   | Found a transporter.
 22230 | Lair:5   | Reached skill level 17 in Dodging
 22230 | Lair:5   | Reached skill level 5 in Stealth
 23235 | Lair:5   | Reached skill level 10 in Fighting
 23643 | Lair:5   | Found a corrupted altar of Lugonu.
 23643 | Lair:5   | Found a one-way gate to the infinite horrors of the Abyss.
 23654 | Lair:5   | Reached XP level 15. HP: 69/107 MP: 0/0
 23654 | Lair:5   | Learned a level 6 spell: Death Channel
 23900 | Lair:5   | Found a bloodstained altar of Trog.
 24249 | Orc:2    | Reached skill level 18 in Dodging
 24372 | Orc:2    | Found Amagg's Antique Armour Shop.
 24402 | Orc:2    | Bought a runed troll leather armour for 540 gold pieces
 24472 | Orc:2    | Noticed an orc warlord
 24510 | Orc:2    | Killed an orc warlord
 24562 | Orc:2    | Found Zuas's Antique Weapon Boutique.
 24622 | Orc:2    | Found a staircase to the Elven Halls.
 24724 | Orc:2    | Found Yseec's Jewellery Shoppe.
 24754 | Orc:2    | Bought a +6 ring of dexterity for 504 gold pieces
 24818 | Orc:2    | Reached skill level 19 in Dodging
 24997 | Orc:2    | Found Kegruch's Weapon Shop.
 24999 | Orc:2    | Found Jiowis's General Store.
 25012 | Orc:2    | Found Muguruatz's Gadget Gallery.
 25042 | Orc:2    | Bought a scroll of blinking for 97 gold pieces
 25161 | Orc:2    | Found Zuas's Antique Weapon Boutique.
 25183 | Orc:2    | Found Jiowis's General Store.
 25199 | Orc:2    | Found Muguruatz's Gadget Gallery.
 25277 | Orc:2    | Found Yseec's Jewellery Shoppe.
 25288 | Orc:2    | Found Amagg's Antique Armour Shop.
 25379 | Orc:2    | Found a staircase to the Elven Halls.
 25946 | Orc:1    | You are sucked into a shaft and drop 1 floor!
 26492 | D:12     | Found an iron altar of Okawaru.
 26693 | D:12     | Reached skill level 20 in Dodging
 26771 | D:12     | Identified the +3 sling "Plog" {heavy, Fly rElec Int+3
                  | Stlth-}
 26827 | D:12     | Identified the +1 robe of Medoic {rPois rF+}
 26849 | D:12     | Identified the +9 great sword of Peace {freeze, rCorr}
 26856 | D:12     | Found the +7 great mace "Firestarter" {flame, immolate,
                  | rFlCloud rF++}
 26879 | D:12     | Identified the +5 scale mail of Circular Logic {rF+ Slay+3}
 26931 | D:12     | Identified the +4 mace "Ciyfesum" {flame, rC+}
 27202 | D:13     | Found a runed translucent gate.
 27202 | D:13     | Found a runed translucent gate.
 27202 | D:13     | Found a runed translucent gate.
 27203 | D:13     | Noticed Etrocim's ghost (journeyman KoDe)
 28257 | D:11     | Bought a scroll of acquirement for 832 gold pieces
 28257 | D:11     | Acquired a manual of Conjurations
 28259 | D:11     | Acquired the +2 hat "Norghaoso" {Dex+4}
 28395 | Snake:1  | Entered Level 1 of the Snake Pit
 28468 | Swamp:1  | Entered Level 1 of the Swamp
 28620 | Lair:2   | Reached XP level 16. HP: 101/113 MP: 0/0
 31399 | D:14     | Found a gate to the Vaults.
 31435 | D:14     | Found an iron altar of Okawaru.
 31566 | D:14     | Identified the +1 robe "Sywih" {Str+5 Stlth+}
 32042 | D:14     | Found a gate to the Vaults.
 32120 | D:14     | Found an iron altar of Okawaru.
 32336 | D:15     | Entered Level 15 of the Dungeon
 32459 | D:15     | Found a gate leading to a gauntlet.
 32470 | Gauntlet | Entered a Gauntlet
 32470 | Gauntlet | Found a transporter.
 32479 | Gauntlet | Found a transporter.
 32500 | Gauntlet | Found a transporter.
 32501 | Gauntlet | Found a transporter.
 32521 | Gauntlet | Found a transporter.
 32534 | Gauntlet | Found a transporter.
 32545 | Gauntlet | Found a transporter.
 32576 | Gauntlet | Found a transporter.
 32576 | Gauntlet | Found a transporter.
 32582 | Gauntlet | Found a transporter.
 32605 | Gauntlet | Found a transporter.
 32609 | Gauntlet | Found a transporter.
 32774 | Gauntlet | Identified the +0 hat "Ovown" {Fly rF- Dex+4}
 33130 | D:15     | Noticed Roxanne
 33368 | D:15     | Reached skill level 21 in Dodging
 33635 | D:15     | Identified the +10 spear "Xeaheek" {flame, rPois rN+ Int-4}
 33704 | D:15     | Identified the staff "Pendulum" {rC+ rN+ Int+2 Stlth+ Ice}
 33714 | D:15     | Reached XP level 17. HP: 112/119 MP: 0/0
 33714 | D:15     | Learned a level 6 spell: Starburst
 34683 | D:15     | Killed Roxanne
 34933 | D:15     | Found a staircase to the Depths.
 35339 | Snake:1  | Found a runed translucent door.
 35360 | Snake:1  | Noticed Aizul
 35405 | Snake:1  | Found Nykeuqon's Antique Weapon Shop.
 35436 | Snake:1  | Found Ixzabla's Jewellery Boutique.
 35436 | Snake:1  | Found Wouf's Jewellery Shop.
 35442 | Snake:1  | Found Umagehiu's Magic Scroll Boutique.
 35448 | Snake:1  | Bought a scroll of blinking for 112 gold pieces
 35897 | Snake:1  | Killed Aizul
 35897 | Snake:1  | Enslaved Aizul
 36826 | Snake:2  | Noticed Vashnia
 36839 | Snake:2  | Your ally Aizul died
 36856 | Snake:2  | Killed Vashnia
 37243 | Snake:2  | HP: 1/119 [salamander tyrant (27)]
 37493 | Snake:2  | Reached skill level 22 in Dodging
 38039 | Snake:3  | Reached XP level 18. HP: 105/124 MP: 0/0
 38041 | Snake:3  | Reached skill level 10 in Stealth
 38103 | Snake:3  | Reached skill level 15 in Conjurations
 38840 | Snake:4  | Entered Level 4 of the Snake Pit
 38864 | Snake:4  | Reached skill level 1 in Shields
 38919 | Snake:4  | Found a frozen archway.
 38992 | IceCv    | Entered an ice cave
 39013 | IceCv    | Gained mutation: You occasionally lose the ability to drink
                  | potions when taking damage. [mutagenic glow]
 39062 | IceCv    | Lost mutation: You occasionally lose the ability to drink
                  | potions when taking damage. [potion of mutation]
 39062 | IceCv    | Gained mutation: Your spells are a little easier to cast,
                  | but a little less powerful. [potion of mutation]
 39065 | IceCv    | Found a transporter.
 39075 | IceCv    | Found a transporter.
 39145 | IceCv    | Slain by a caustic shrike simulacrum

Illustrated notes

Levels and vault maps discovered:
D:1:      minmay_arrival_plants_in_alcoves, layout_loops_ring, serial_shops,
          nicolae_shop_stone, nicolae_shop_vocational
D:2:      layout_basic, serial_shops, nicolae_shop_pleasant_corner_grove
D:3:      layout_loops_corners, chequers_temple_overflow_minitemple,
          gammafunk_ghost_icy, uniq_grinder
D:4:      layout_basic, gup_sewer_entry_spiral, amcnicky_mini_corridor_feature
D:5:      layout_rooms, serial_shops, nicolae_shop_bloodbath_and_beyond,
          serial_curves, eino_curves_04, eino_curves_02, eino_curves_04,
          uniq_menkaure, uniq_ijyb
D:6:      layout_loops_corners, minmay_temple_entry_statues_pillars
D:7:      layout_cave_pods, mainiacjoe_overflow_concentric_impassable,
          vehumet_statue
D:8:      layout_rooms
D:9:      layout_irregular_city, serial_shops, nicolae_shop_behind_doors,
          dk_rats_in_the_wall, uniq_harold, uniq_maurice
D:10:     layout_irregular_city, mainiacjoe_overflow_catch_the_wave,
          minmay_lair_entry_grove, uniq_lodul, uniq_fannar
D:11:     layout_gridville, erik_orc_4, serial_shops, shop,
          nicolae_stop_n_shop_2, shop, nicolae_shop_crystal, shop,
          nicolae_sif_muna_condensation
D:12:     evilmike_iron_armoury, layout_layer_cave
D:13:     layout_stronghold, gammafunk_ghost_split
D:14:     layout_basic, david_vaults_3, okawaru_ov_weapons_minmay,
          minmay_misc_feat_rugged
D:15:     grunt_enter_depths_hoard, layout_stronghold, gauntlet_entry_generic,
          minmay_hollow_rounded_squares, uniq_roxanne
Temple:   hellmonk_temple_two_chambers
Lair:1:   beast_lair_carwin_large_4, layout_chaotic_city, nzn_random_ring
Lair:2:   layout_roguey, nicolae_swamp_entry_splash_gauntlet,
          serial_bayou_shore_b
Lair:3:   layout_regular_city, minmay_snake_entry_guardpost_small,
          lemuel_fruit_tree
Lair:4:   layout_regular_city, grunt_megastairs_4
Lair:5:   hellmonk_lair_end_abyssal_woods, layout_regular_city, slime_entry_1,
          gammafunk_ghost_wrathful_warriors, cheibrodos_lair_lostbears
Swamp:1:  layout_basic_swamp, evilmike_swamp_ruin_house_6, st_shrine_of_shade
Swamp:2:  layout_falls_marsh, evilmike_swamp_ruin_house_2,
          infiniplex_staircase_pool
Snake:1:  cheibrodos_toxic_ritual, layout_chambers, minmay_shoptagon, uniq_aizul
Snake:2:  layout_honeycomb, basic_altar, uniq_vashnia
Snake:3:  layout_rooms, serial_bayou_shore_b
Snake:4:  hellmonk_snake_rune_quicksilver_temple, layout_cave_town,
          portal_ice_cave_entry_ice_statue_two, statue_in_the_mist_lemuel,
          uniq_bai_suzhen, uniq_mlioglotl
Orc:1:    layout_caves
Orc:2:    grunt_orc_gardens, layout_caves, grunt_orc_garden, grunt_orc_garden,
          grunt_orc_garden, grunt_orc_garden, serial_shops,
          nicolae_shop_advertising_works [nicolae_subvault_shop_adworks],
          nicolae_shop_gadgets
IceCv:    ice_cave_statue_garden_transporter

Skill      XL: |  1  2  3  4  5  6  7  8  9 10 11 12 13 14 15 16 17 18 |
---------------+-------------------------------------------------------+-----
Fighting       | 1 2 5 7 10 | 10.0
Dodging        | 3 4 5 7 9 11 13 15 16 17 20 21 22 | 22.6
Spellcasting   | 4 5 6 7 8 10 11 12 13 | 13.7
Conjurations   | 4 5 6 7 8 10 11 12 13 14 15 | 15.3
Hexes          | 4 5 6 7 8 10 11 12 13 | 13.7
Summonings     | 4 5 6 7 8 10 11 12 13 | 13.7
Necromancy     | 4 5 6 7 8 10 11 12 13 | 13.7
Translocations | 4 5 6 7 8 10 11 12 13 | 13.7
Transmutations | 4 5 6 7 8 10 11 12 13 | 13.7
Fire Magic     | 4 5 6 7 8 10 11 12 13 | 13.7
Ice Magic      | 4 5 6 7 8 10 11 12 13 | 13.7
Air Magic      | 4 5 6 7 8 10 11 12 13 | 13.7
Earth Magic    | 4 5 6 7 8 10 11 12 13 | 13.7
Poison Magic   | 4 5 6 7 8 10 11 12 13 | 13.7
Invocations    | 2 7 |  7.0
Stealth        | 5 7 9 10 | 10.0
Shields        | 3 |  3.5

Action                     |  1- 3 |  4- 6 |  7- 9 | 10-12 | 13-15 | 16-18 || total
---------------------------+-------+-------+-------+-------+-------+-------++-------
  Melee: Unarmed           |    10 |       |       |       |       |       ||    10
         Punch             |     1 |       |       |       |       |     1 ||     2
         Staff             |       |    10 |    16 |    15 |     3 |       ||    44
         Short sword       |       |       |       |       |    63 |    26 ||    89
         Great mace        |       |       |       |       |       |    36 ||    36
         Mace              |       |       |       |       |       |     6 ||     6
   Cast: Necrotise         |    59 |    59 |    21 |       |       |       ||   139
         Vampiric Draining |       |    51 |   108 |   119 |   160 |   274 ||   712
         Poisonous Vapours |       |     7 |    25 |   192 |   184 |    17 ||   425
         Searing Ray       |       |       |     4 |     6 |       |       ||    10
         Petrify           |       |       |     2 |     3 |     3 |       ||     8
         Airstrike         |       |       |       |   125 |   350 |   458 ||   933
         Summon Forest     |       |       |       |       |    21 |    11 ||    32
         Starburst         |       |       |       |       |       |    13 ||    13
 Invoke: Bind Soul         |       |       |       |     1 |     3 |     2 ||     6
         Recall Undead Har |       |       |       |       |    15 |    22 ||    37
  Evoke: Phantom mirror    |       |       |       |     1 |       |     1 ||     2
         Wand              |       |       |       |     1 |       |       ||     1
         Box of beasts     |       |       |       |       |       |     1 ||     1
    Use: Scroll            |       |    12 |       |     1 |    19 |    10 ||    42
         Potion            |       |       |       |     1 |     1 |    10 ||    12
   Stab: Sleeping          |       |     1 |       |       |     2 |     2 ||     5
         Distracted        |       |       |       |       |       |     1 ||     1
 Armour: Robe              |     8 |    11 |     7 |    14 |    62 |       ||   102
         Troll leather arm |       |       |       |       |    11 |    78 ||    89
  Dodge: Dodged            |    31 |    36 |    88 |   161 |   461 |   789 ||  1566
  Block: Other             |       |       |       |       |   106 |   127 ||   233
         Reflection        |       |       |       |       |     6 |    16 ||    22
         Kite shield       |       |       |       |       |       |    73 ||    73

Table legend: (Time is in decaauts)
 A = Elapsed time spent in this place.
 B = Non-inter-level travel time spent in this place.
 C = Inter-level travel time spent in this place.
 D = Time resting spent in this place.
 E = Time spent auto-exploring this place.
 F = Levels seen in this place.
 G = Mean time per level.
                   A        B        C        D        E       F      G
               +--------+--------+--------+--------+--------+-----+--------+
         Total |  39250 |  37134 |   2116 |  10876 |  18029 |  32 | 1226.6 |
       Dungeon |  20902 |  19799 |   1103 |   5655 |   9896 |  15 | 1393.5 |
        Temple |     20 |     20 |      0 |      0 |     10 |   1 |   20.0 |
          Lair |  10072 |   9471 |    601 |   3493 |   4258 |   5 | 2014.4 |
         Swamp |   1052 |    935 |    117 |    339 |    366 |   2 |  526.0 |
     Snake Pit |   3850 |   3680 |    170 |    543 |   2212 |   4 |  962.5 |
  Orcish Mines |   2357 |   2234 |    123 |    700 |   1095 |   2 | 1178.5 |
         Sewer |    246 |    246 |      0 |      7 |      1 |   1 |  246.0 |
      Ice Cave |    151 |    151 |      0 |     53 |      0 |   1 |  151.0 |
      Gauntlet |    595 |    595 |      0 |     86 |    191 |   1 |  595.0 |
               +--------+--------+--------+--------+--------+-----+--------+

Top non-repeatable levels by time:
  Lair:5: 2989 daAuts
    D:10: 2706 daAuts
  Lair:2: 2588 daAuts
  Lair:1: 2366 daAuts
     D:6: 2098 daAuts
    D:15: 2090 daAuts
    D:11: 1989 daAuts
     D:4: 1871 daAuts
 Snake:2: 1538 daAuts
    D:14: 1470 daAuts
   Orc:2: 1374 daAuts
 Snake:1: 1363 daAuts
     D:9: 1321 daAuts
    D:13: 1261 daAuts
  Lair:4: 1090 daAuts
